 Dungeon Crawl Stone Soup version 0.26-a0-631-ged93497179 (webtiles) character file.

Game seed: 5903402691898534157

11 MrRokkomies the Sneak (level 2, -5/26 HPs)
             Began as a Demigod Delver on Sept 12, 2020.
             Slain by an iguana (11 damage)
             ... on level 2 of the Dungeon.
             The game lasted 00:01:17 (375 turns).

MrRokkomies the Sneak (Demigod Delver)               Turns: 375, Time: 00:01:19

Health: -5/26      AC:  3    Str: 15    XL:     2   Next: 3%
Magic:  4/4        EV: 12    Int: 14    God:
Gold:   10         SH:  0    Dex: 17    Spells: 1/1 levels left

rFire    . . .     SeeInvis .   a - +0 falchion
rCold    . . .     Faith    .   (no shield)
rNeg     . . .     Spirit   .   b - +0 leather armour
rPois    .         Reflect  .   (no helmet)
rElec    .         Harm     .   (no cloak)
rCorr    .         Rampage  .   (no gloves)
MR       .....                  (no boots)
Stlth    +++.......             (no amulet)
HPRegen  0.08/turn              (no ring)
MPRegen  0.09/turn              (no ring)

@: hasted, very quick
A: high mp 1
a: no special abilities


You were on level 2 of the Dungeon.
You visited 1 branch of the dungeon, and saw 4 of its levels.

You collected 10 gold pieces.

Inventory:

Hand Weapons
 a - a +0 falchion (weapon)
Armour
 b - a +0 leather armour (worn)
Wands
 g - a wand of digging (3)
Scrolls
 c - a scroll of fog
 d - a scroll of magic mapping
Potions
 h - a potion of ambrosia {unknown}


   Skills:
 * Level 3.0 Fighting
 * Level 2.1 Long Blades
 + Level 2.0 Dodging
 - Level 4.5 Stealth


You had one spell level left.
You didn't know any spells.
Your spell library was empty.

Dungeon Overview and Level Annotations

Branches:
Dungeon (5/15)
 Temple: D:4-7

Annotations:
D:5 Prince Ribbit


Innate Abilities, Weirdness & Mutations

You have an increased reservoir of magic. (+10% MP)


Message History

Your Dodging skill increases to level 2!
You have reached level 2!
The iguana closely misses you.
You riposte.
You hit the iguana but do no damage. The iguana closely misses you.
You riposte.
You hit the iguana.
The iguana is lightly wounded.
You feel yourself speed up. The iguana misses you.
You hit the iguana but do no damage.
The iguana is lightly wounded.
The hobgoblin shouts!
The iguana bites you!
* * * LOW HITPOINT WARNING * * *
You hit the iguana but do no damage.
The iguana is lightly wounded.
The iguana misses you.
You hit the iguana.
The iguana is heavily wounded.
A giant cockroach comes into view.
The iguana bites you!
You die...

....?..#... #
.........#.# s
........#.#####
..##............
............#.####
..........g......
...............#
........l...#..###
#....#.@.........#.##
#..# ###..#.#>.......
.. #..#.##.?...#. #
##.#.. #...... #.....
...#.. #...... #..?.
##...... .l..
#....... ... ..


You could see an iguana, a giant cockroach (wandering) and a hobgoblin.

Vanquished Creatures
  An ooze (D:5)
  A leopard gecko (D:4)
  An orc (D:3)
  A bat (D:2)
  A rat (D:3)
5 creatures vanquished.

Notes
Turn   | Place    | Note
-------+----------+-------------------------------------------
     0 | D:5      | MrRokkomies the Demigod Delver began the quest for the Orb.
     0 | D:5      | Reached XP level 1. HP: 18/18 MP: 3/3
    85 | D:5      | Noticed an orc wizard
    85 | D:5      | Noticed Prince Ribbit
   142 | D:4      | Noticed an ogre
   146 | D:4      | Noticed a worker ant
   351 | D:3      | Noticed an orc wizard
   357 | D:2      | Noticed an iguana
   369 | D:2      | Reached XP level 2. HP: 18/26 MP: 4/4
   375 | D:2      | Slain by an iguana

Illustrated notes

Levels and vault maps discovered:
D:2:      layout_rooms
D:3:      layout_basic, roderic_batcave, kennysheep_another_room
D:4:      layout_rooms, dancing_weapons_uskayaw, grunt_temple_overflow_open,
          minmay_misc_feat_four_crosses, uniq_menkaure
D:5:      layout_layer_cave, ashenzari_conservatory_becter, serial_bayou,
          serial_bayou_pond_d, serial_bayou_pond_d, serial_bayou_shore_a,
          serial_bayou_lake_a, grunt_decor_fettered, nicolae_alphabet_shops,
          serial_park_tiny_pond, st_stairs_5, uniq_prince_ribbit1

Skill      XL: |  1 |
---------------+----+-----
Long Blades    | 2 |  2.1
Fighting       | 3 |  3.0
Dodging        | 2 |  2.0
Stealth        | |  4.5

Action                   || total
-------------------------++-------
Melee: Falchion          ||    19
  Use: Scroll            ||     1
       Potion            ||     1
 Stab: Sleeping          ||     3
Armor: Leather armour    ||     4
Dodge: Dodged            ||    10
       Rpst.: Falchion   ||     4

Table legend: (Time is in decaauts)
 A = Elapsed time spent in this place.
 B = Non-inter-level travel time spent in this place.
 C = Inter-level travel time spent in this place.
 D = Time resting spent in this place.
 E = Time spent auto-exploring this place.
 F = Levels seen in this place.
 G = Mean time per level.
                   A        B        C        D        E       F      G
               +--------+--------+--------+--------+--------+-----+--------+
         Total |    382 |    382 |      0 |    176 |     69 |   4 |   95.5 |
       Dungeon |    382 |    382 |      0 |    176 |     69 |   4 |   95.5 |
               +--------+--------+--------+--------+--------+-----+--------+

Top non-repeatable levels by time:
     D:3: 199 daAuts
     D:5: 147 daAuts
     D:2: 18 daAuts
     D:4: 17 daAuts
